 Dungeon Crawl Stone Soup version 0.28.0-53-g5a82cb258f (webtiles) character file.

Game seed: 13194888149901788629

8747 firemarshallily the Fighter (level 11, -8/92 HPs)
             Began as a Demonspawn Gladiator on June 11, 2022.
             Was an Elder of Okawaru.
             Mangled by a boulder beetle (24 damage)
             ... on level 11 of the Dungeon.
             The game lasted 00:39:11 (13255 turns).

firemarshallily the Fighter (Demonspawn Gladiator) Turns: 13255, Time: 00:39:11

Health: -8/92      AC: 16    Str: 19    XL:     11   Next: 14%
Magic:  9/11       EV: 15    Int:  9    God:    Okawaru [****..]
Gold:   663        SH: 13    Dex: 15    Spells: 9/10 levels left

rFire   . . .      SeeInvis .   a - +2 long sword
rCold   + + .      Faith    .   j - +1 buckler
rNeg    + . .      Spirit   .   K - +0 acid dragon scales
rPois   .          Reflect  +   (helmet restricted)
rElec   .          Harm     .   v - +1 cloak
rCorr   +          Rampage  .   o - +0 pair of gloves
Will    .....                   q - +0 pair of boots
Stlth   +++.......              r - amulet "Doafew" {Reflect Contam rC++ SH+5}
HPRegen 0.25/turn               l - ring of flight
MPRegen 0.12/turn               s - ring of positive energy

@: heroic, flying
A: antennae 1, molten scales 1, foul stench 1, powered by death 2
a: Renounce Religion, Heroism, Finesse


You were on level 11 of the Dungeon.
You worshipped Okawaru.
Okawaru was greatly pleased with you.
You visited 2 branches of the dungeon, and saw 12 of its levels.
You also visited: Sewer.

You collected 708 gold pieces.
You spent 45 gold pieces at shops.

Inventory:

Hand Weapons
 a - a +2 long sword (weapon)
 I - the +8 flail of Absolution {flame, rPois Dex+5}
   (You found it on level 10 of the Dungeon)

   It burns those it strikes, dealing additional fire damage.
   Dex:       It affects your dexterity (+5).
   rPois:     It protects you from poison.
Missiles
 b - 2 datura-tipped darts
 d - 5 throwing nets
 e - 369 stones
 n - 8 poisoned darts (quivered)
 E - a boomerang
 J - 6 javelins
Armour
 j - a +1 buckler (worn)
 o - a +0 pair of gloves (worn)
 q - a +0 pair of boots (worn)
 v - a +1 cloak (worn)
 F - a +2 leather armour of fire resistance
 K - +0 acid dragon scales (worn)
Jewellery
 l - a ring of flight (left hand)
 r - the amulet "Doafew" (around neck) {Reflect Contam rC++ SH+5}
   (You acquired it on level 4 of the Dungeon)

   [amulet of reflection]

   It reflects blocked missile attacks.
   rC:        It greatly protects you from cold.
   Contam:    It causes magical contamination when unequipped.
   SH:        It affects your SH (+5).
 s - a ring of positive energy (right hand)
Wands
 u - a wand of flame (2)
 w - a wand of paralysis (19)
 y - a wand of iceblast (22)
 A - a wand of polymorph (14)
 B - a wand of mindburst (23)
Scrolls
 g - a scroll of holy word
 k - 2 scrolls of teleportation
 x - 3 scrolls of amnesia
 C - 2 scrolls of blinking
 G - a scroll of fog
Potions
 c - a potion of invisibility
 f - a potion of magic
 h - 2 potions of ambrosia
 i - 3 potions of brilliance
 m - 5 potions of attraction
 p - a potion of resistance
 t - a potion of lignification
 z - a potion of berserk rage
 D - a potion of curing
 H - a potion of mutation
Miscellaneous
 L - a lightning rod (4/4)


   Skills:
 * Level 10.6(15.6) Fighting
 * Level 10.0(15.0) Long Blades
 - Level 2.0(7.0) Throwing
 + Level 6.6(11.6) Armour
 - Level 3.0(8.0) Dodging
 - Level 5.0(10.0) Shields


You had 9 spell levels left.
You knew the following spells:

 Your Spells              Type           Power      Damage    Failure   Level
a - Foxfire               Conj/Fire      0%         2x1d4     52%         1

Your spell library contained the following spells:

 Spells                   Type           Power      Damage    Failure   Level
 Apportation              Tloc           0%         N/A       52%         1
 Corpse Rot               Necr/Air       0%         N/A       67%         2
 Ensorcelled Hibernation  Hex/Ice        0%         N/A       67%         2
 Passwall                 Tmut/Erth      0%         N/A       67%         2
 Conjure Flame            Conj/Fire      0%         6-21      88%         3
 Ignite Poison            Fire/Tmut/Pois 0%         N/A       88%         3
 Inner Flame              Hex/Fire       0%         N/A       88%         3
 Mephitic Cloud           Conj/Pois/Air  0%         N/A       88%         3
 Swiftness                Air            0%         N/A       88%         3
 Airstrike                Air            0%         N/A       99%         4
 Dispel Undead            Necr           0%         3d6       99%         4
 Flame Wave               Conj/Fire      0%         2d4       99%         4
 Iskenderun's Mystic Bla  Conj/Tloc      0%         2d3       99%         4
 Freezing Cloud           Conj/Ice/Air   0%         6-21      100%        5
 Lightning Bolt           Conj/Air       0%         1d11      100%        5
 Dispersal                Tloc           0%         N/A       100%        6
 Disjunction              Tloc           0%         N/A       100%        8
 Summon Lightning Spire   Summ/Air       Unusable   N/A       N/A         4
 Death Channel            Necr           Unusable   N/A       N/A         6

Dungeon Overview and Level Annotations

Branches:
Dungeon (11/15)            Temple (1/1) D:7            Lair (0/6) D:11
    Orc (0/2) D:9           Sewer (visited)

Altars:
Ashenzari
Cheibriados
Dithmenos
Elyvilon
Fedhas
Gozag
Hepliaklqana
Kikubaaqudgha
Makhleb
Nemelex Xobeh
Okawaru
Qazlal
Ru
Sif Muna
Trog
Uskayaw
Vehumet
Wu Jian
Xom
Yredelemnul
Zin
The Shining One

Shops:
D:4 [   D:9 [:   D:11 [

Annotations:
D:3 2 transporters, Brotato's ghost, weakling DjEn
D:9 4 exclusions
D:11 2 runed translucent doors, osoart's ghost, journeyman GnCA


Innate Abilities, Weirdness & Mutations

You have a pair of small antennae on your head.
You are partially covered in molten scales. (AC +2)
You may rarely emit foul miasma when damaged in melee.
You regenerate health from kills.


Message History

The boulder beetle stops rolling and uncurls.
You slash the boulder beetle!
The boulder beetle is lightly wounded.
The boulder beetle closely misses you.
You hit the boulder beetle but do no damage.
The boulder beetle is lightly wounded.
You block the boulder beetle's attack.
You hit the boulder beetle but do no damage.
The boulder beetle is lightly wounded.
You hit the boulder beetle but do no damage.
The boulder beetle is lightly wounded.
You block the boulder beetle's attack.
You barely miss the boulder beetle.
The boulder beetle is lightly wounded.
You block the boulder beetle's attack.
You slash the boulder beetle!
The boulder beetle is moderately wounded.
The boulder beetle bites you!!
You barely miss the boulder beetle.
The boulder beetle is moderately wounded.
The boulder beetle misses you.
You barely miss the boulder beetle.
The boulder beetle is moderately wounded.
The boulder beetle closely misses you.
You slash the boulder beetle!
The boulder beetle is moderately wounded.
The boulder beetle bites you.
You completely miss the boulder beetle.
The boulder beetle is moderately wounded.
The boulder beetle bites you.
You emit a cloud of foul miasma!
You hit the boulder beetle but do no damage.
The boulder beetle is moderately wounded.
The boulder beetle is engulfed in dark miasma.
The boulder beetle is poisoned.
The boulder beetle seems to slow down.
The boulder beetle bites you!!
* * * LOW HITPOINT WARNING * * *
You gain the combat prowess of a mighty hero.
The boulder beetle is engulfed in dark miasma.
The boulder beetle looks even sicker.
The boulder beetle bites you!!
You die...

#.......+ #.#....... #.∩.....
#....^..# #.#......# #.......
#..##...# {#.#...... #...####
#.......#. #........ #.......
#.......#..#....#### ############
........#..'.#..# ............
#...##..#.○#....# .....>..)...
........+.{#...B###########...###
........# #####@...........#....
.8......# #..########..#....
..†.....# #...........###...
........# #..........## ##..
#.......# ########..## ##.
#..#....# ....##..#..## #.......#
.....##..#.#..# #.......+ ....##
.#._.#. #.#####)####### ###.
..#.#..#


You could see a boulder beetle (very poisoned, slow).

Vanquished Creatures
  A two-headed ogre (D:8)
  A cyclops (D:11)
  2 trolls
  A jumping spider (shapeshifter) (D:11)
  4 wyverns
  A shadow (D:11)
  12 yaks
  A steam dragon (D:8)
  Menkaure (D:5)
  An acid dragon (D:10)
  4 water moccasins
  A black bear (D:6)
  A hornet zombie (D:7)
  6 orc warriors
  An ice beast (D:7)
  A sky beast (D:7)
  3 necrophages
  2 ogres
  3 centaurs
  A phantom (D:6)
  Blork the orc (D:4)
  A bullfrog (D:8)
  5 scorpions
  A wyvern zombie (D:7)
  A water moccasin zombie (D:6)
  6 killer bees (D:10)
  3 wights (D:11)
  A howler monkey (D:8)
  A lava snake (D:9)
  6 hounds
  3 centaur zombies
  8 orc priests
  A jelly (D:6)
  A centaur skeleton (D:5)
  A gnoll shaman (D:10)
  5 orc wizards
  A hell rat (Sewer)
  A killer bee zombie (D:8)
  A hound skeleton (D:4)
  A mummy (D:11)
  A howler monkey zombie (D:9)
  3 gnolls
  6 adders
  A river rat (Sewer)
  2 white imps
  A worm (D:4)
  2 dart slugs
  54 orcs
  7 ball pythons
  An endoplasm (D:4)
  3 giant cockroaches (D:4)
  4 goblins
  5 hobgoblins
  A quokka (D:2)
  6 bats
  3 frilled lizards
  A jackal skeleton (D:2)
  5 kobolds
  16 rats
  A bush (D:5)
220 creatures vanquished.

Vanquished Creatures (others)
  9 foxfires
  5 plants (D:3)
  2 withered plants (D:11)
16 creatures vanquished.

Grand Total: 236 creatures vanquished

Notes
Turn   | Place    | Note
-------+----------+-------------------------------------------
     0 | D:1      | firemarshallily the Demonspawn Gladiator began the quest
                  | for the Orb.
     0 | D:1      | Reached XP level 1. HP: 16/16 MP: 1/1
   277 | D:1      | Gained mutation: You may rarely emit foul miasma when
                  | damaged in melee. [demonic ancestry]
   277 | D:1      | Reached XP level 2. HP: 19/22 MP: 2/2
   605 | D:1      | Got the Volume of the Compass
  1336 | D:2      | Gained mutation: You regenerate a little health from kills.
                  | [demonic ancestry]
  1336 | D:2      | Reached XP level 3. HP: 24/28 MP: 3/3
  1699 | D:2      | Found a snail-covered altar of Cheibriados.
  2208 | D:3      | Reached skill level 1 in Armour
  2208 | D:3      | Reached skill level 1 in Shields
  2208 | D:3      | Gained mutation: You have a pair of small antennae on your
                  | head. [demonic ancestry]
  2208 | D:3      | Reached XP level 4. HP: 15/35 MP: 4/4
  2717 | D:3      | Found a transporter.
  2717 | D:3      | Identified the +8 spear of Ehoawn Tide {pain, Dex+2}
  2717 | D:3      | Noticed a gnoll sergeant
  2724 | D:3      | Noticed Brotato's ghost (weakling DjEn)
  2762 | D:3      | Found a transporter.
  3028 | D:4      | Noticed Blork the orc
  3040 | D:4      | Killed Blork the orc
  3041 | D:4      | Reached XP level 5. HP: 16/41 MP: 5/5
  3239 | D:4      | Found Vixik's Armour Shoppe.
  3258 | D:4      | Noticed a necrophage
  3283 | D:4      | Killed a necrophage
  3284 | D:4      | Reached XP level 6. HP: 21/48 MP: 6/6
  3596 | D:4      | Found a glowing drain.
  3610 | Sewer    | Entered a sewer
  3781 | D:4      | Identified a scroll of acquirement
  3781 | D:4      | Acquired the amulet "Doafew" {Reflect Contam rC++ SH+5}
  4045 | D:4      | Bought a +0 cloak for 45 gold pieces
  4185 | D:4      | Found a radiant altar of Vehumet.
  4266 | D:5      | Entered Level 5 of the Dungeon
  4295 | D:5      | Reached XP level 7. HP: 45/55 MP: 7/7
  4382 | D:5      | Noticed Menkaure
  4403 | D:5      | Killed Menkaure
  4713 | D:5      | Reached skill level 5 in Long Blades
  4891 | D:5      | Reached skill level 5 in Fighting
  5086 | D:5      | Gained mutation: You are partially covered in molten
                  | scales. (AC +2) [demonic ancestry]
  5086 | D:5      | Reached XP level 8. HP: 62/62 MP: 8/8
  5225 | D:6      | Found a broken altar of Ashenzari.
  6092 | D:6      | Learned a level 1 spell: Foxfire
  6500 | D:6      | Reached skill level 5 in Shields
  6937 | D:7      | Gained mutation: You regenerate health from kills. [demonic
                  | ancestry]
  6937 | D:7      | Reached XP level 9. HP: 26/71 MP: 9/9
  7290 | D:7      | Found a staircase to the Ecumenical Temple.
  7314 | Temple   | Entered the Ecumenical Temple
  7632 | Temple   | Became a worshipper of Warmaster Okawaru
  8350 | D:8      | Reached * piety under Okawaru
  8350 | D:8      | HP: 3/72 [something (6)]
  9325 | D:8      | Noticed a two-headed ogre
  9337 | D:8      | Killed a two-headed ogre
  9338 | D:8      | Reached skill level 5 in Armour
  9775 | D:9      | Found Iklolog's Book Boutique.
  9778 | D:9      | Noticed a gargoyle
  9846 | D:9      | Reached ** piety under Okawaru
  9982 | D:9      | Reached XP level 10. HP: 58/82 MP: 10/10
 10104 | D:9      | Found a staircase to the Orcish Mines.
 10468 | D:9      | Noticed a sphinx
 10822 | D:9      | Found Saeqemm's Antique Armour Shoppe.
 10915 | D:9      | Reached *** piety under Okawaru
 10950 | D:10     | Entered Level 10 of the Dungeon
 11173 | D:10     | Identified the +8 flail of Absolution {flame, rPois Dex+5}
 12079 | D:10     | Reached skill level 10 in Fighting
 12562 | D:11     | Noticed osoart's ghost (journeyman GnCA)
 12563 | D:11     | Noticed a lich
 12563 | D:11     | Noticed a skeletal warrior
 12564 | D:11     | Noticed a stone giant
 12564 | D:11     | Noticed an orc knight
 12564 | D:11     | Noticed a necromancer
 12565 | D:11     | Noticed a phantasmal warrior
 12620 | D:11     | Reached **** piety under Okawaru
 12636 | D:11     | Found a runed translucent door.
 12643 | D:11     | Found a runed translucent door.
 12720 | D:11     | Noticed a cyclops
 12737 | D:11     | Killed a cyclops
 12738 | D:11     | Reached XP level 11. HP: 67/92 MP: 11/11
 12835 | D:11     | Found Uruod's Antique Armour Shop.
 12847 | D:11     | Found a staircase to the Lair.
 13205 | D:11     | Noticed a boulder beetle
 13224 | D:11     | Reached skill level 10 in Long Blades
 13255 | D:11     | Mangled by a boulder beetle

Illustrated notes

Levels and vault maps discovered:
D:1:      lightli_arrival_boilingwater, layout_loops_ring,
          minmay_close_crescents
D:2:      layout_basic, basic_altar, item_on_display_a
D:3:      minmay_skewed_foursquare, layout_basic, gammafunk_ghost_gnarly_gnolls,
          lemuel_old_faithful
D:4:      layout_rooms, nicolae_vehumet_radiance, cheibrodos_sewer_entry_drain,
          serial_shops, nicolae_inconvenience_store, uniq_blork_the_orc
D:5:      layout_rooms, kb_lookout_dungeons_type, uniq_menkaure
D:6:      layout_loops_corners, nicolae_ashenzari_panopticon
D:7:      layout_rooms, minmay_temple_entry_antechambers
D:8:      layout_layer_cave
D:9:      layout_roguey, orc_0_dummy, special_room [special_room_orc],
          serial_shops, shop, kennysheep_crisscross, nicolae_stop_n_shop_2,
          st_stairs_14, minmay_misc_feat_iff, grunt_ministairs_9,
          kennysheep_island_fort
D:10:     layout_gridville
D:11:     layout_stronghold, lair_entry_dummy, serial_undead, serial_undead_b,
          serial_undead_d, serial_undead_e, serial_undead_a,
          muffindrake_ghost_dual_entry, serial_shops, shop, tso_metal_star
Temple:   mainiacjoe_temple_big_plus

Skill      XL: |  1  2  3  4  5  6  7  8  9 10 11 |
---------------+----------------------------------+-----
Long Blades    | 3 4 5 6 8 9 10 | 10.0
Throwing       | 2 |  2.0
Dodging        | 3 |  3.0
Fighting       | 3 4 5 6 8 10 | 10.6
Armour         | 1 2 3 5 6 |  6.6
Shields        | 1 2 3 4 5 |  5.0

Action                   |  1- 3 |  4- 6 |  7- 9 | 10-12 || total
-------------------------+-------+-------+-------+-------++-------
Melee: Long sword        |   114 |   140 |   473 |   443 ||  1170
Throw: Stone             |     1 |       |       |       ||     1
       Dart              |       |       |     2 |       ||     2
 Cast: Foxfire           |       |       |     3 |     2 ||     5
Invok: Heroism           |       |       |     1 |     5 ||     6
Evoke: Wand              |       |       |     2 |       ||     2
  Use: Scroll            |     5 |     6 |     7 |     7 ||    25
       Potion            |     1 |     2 |     8 |     2 ||    13
 Stab: Sleeping          |     1 |       |       |       ||     1
       Invisible         |       |       |       |     2 ||     2
Armor: Leather armour    |    53 |    27 |    57 |    76 ||   213
       Ring mail         |       |       |   111 |    18 ||   129
       Acid dragon scale |       |       |       |    35 ||    35
Dodge: Dodged            |    78 |    68 |   188 |   175 ||   509
Block: Buckler           |    13 |    47 |   252 |   262 ||   574
       Reflection        |       |       |     3 |     1 ||     4
